 Dungeon Crawl Stone Soup version 0.28.0-43-g3370ac3207 (webtiles) character file.

Game seed: 1323694833478139003

186 ultragoat the Grave Robber (level 5, 0/37 HPs)
             Began as a Demonspawn Necromancer on Mar 15, 2022.
             Was a Follower of Vehumet.
             Slain by a goblin
             ... wielding a +0 club
             ... led by Robin
              (3 damage)
             ... on level 3 of the Dungeon.
             The game lasted 00:24:15 (5856 turns).

ultragoat the Grave Robber (Demonspawn Necromancer) Turns: 5856, Time: 00:24:17

Health: 0/37       AC:  8    Str:  8    XL:     5   Next: 38%
Magic:  0/9        EV: 12    Int: 18    God:    Vehumet [*.....]
Gold:   121        SH:  0    Dex: 14    Spells: 4/9 levels left

rFire   . . .      SeeInvis +   b - +0 dagger
rCold   . . .      Faith    .   (no shield)
rNeg    . . .      Spirit   .   a - +0 robe
rPois   .          Reflect  .   (helmet restricted)
rElec   .          Harm     .   (no cloak)
rCorr   +          Rampage  .   (no gloves)
Will    .....                   (no boots)
Stlth   ++........              (no amulet)
HPRegen 0.12/turn               d - ring of resist corrosion
MPRegen 0.11/turn               g - ring of see invisible

@: sanguine armoured
A: horns 1, sanguine armour 1
a: Renounce Religion


You were on level 3 of the Dungeon.
You worshipped Vehumet.
Vehumet was aware of your devotion.
You visited 1 branch of the dungeon, and saw 4 of its levels.

You collected 121 gold pieces.

Inventory:

Hand Weapons
 b - a +0 dagger (weapon)
 e - a +3 hunting sling
Armour
 a - a +0 robe (worn)
Jewellery
 d - a ring of resist corrosion (left hand)
 g - a ring of see invisible (right hand)
Scrolls
 h - 3 scrolls of blinking
 i - a scroll of enchant armour
Potions
 c - a potion of ambrosia {unknown}
 f - a potion of haste


   Skills:
 + Level 1.2 Fighting
 * Level 1.6 Short Blades
 - Level 2.2 Dodging
 - Level 3.0 Stealth
 + Level 2.8 Spellcasting
 * Level 5.2 Necromancy


You had 4 spell levels left.
You knew the following spells:

 Your Spells              Type           Power      Damage    Failure   Level
a - Pain                  Necr           84%        1d8       1%          1
b - Animate Skeleton      Necr           42%        N/A       1%          1
c - Vampiric Draining     Necr           21%        2d7       6%          3

Your spell library contained the following spells:

 Spells                   Type           Power      Damage    Failure   Level
 Freeze                   Ice            8%         1d3       17%         1
 Animate Dead             Necr           10%        N/A       19%         4
 Agony                    Necr           21%        N/A       47%         5


Dungeon Overview and Level Annotations

Branches:
Dungeon (4/15)
 Temple: D:4-7

Altars:
Vehumet

Annotations:
D:3 Robin


Innate Abilities, Weirdness & Mutations

You have a pair of small horns on your head.
When seriously injured, your blood forms armour. (AC +6)


Message History

The goblin is heavily wounded.
Robin throws the goblin at you!
You closely miss the goblin. Your headbutt misses the goblin.
The goblin hits you with a +0 club.
The goblin hits you with a +2 dagger of holy wrath.
You convulse.
You closely miss the goblin. The goblin hits you but does no damage.
The goblin barely misses you.
Unknown command.
Casting: Pain (safe; 1% risk of failure)
Confirm with . or Enter, or press ? or * to list all spells.
You attempt to give life to the dead...
Before your eyes, flesh is ripped from the corpse!
The dead are walking!
The goblin closely misses you. The goblin barely misses you.
Unknown command.
Casting: Animate Skeleton (safe; 1% risk of failure)
Confirm with . or Enter, or press ? or * to list all spells.
You don't have enough magic to cast this spell.
Unknown command.
You closely miss the goblin. The goblin hits you with a +0 club.
* * * LOW HITPOINT WARNING * * *
The goblin hits you with a +2 dagger of holy wrath.
* * * LOW HITPOINT WARNING * * *
You convulse.
* * * LOW HITPOINT WARNING * * *
Unknown command.
You hit the goblin. Your headbutt misses the goblin.
The goblin is severely wounded.
A goblin comes into view. It is wielding a +0 club.
The goblin barely misses you.
Your goblin skeleton hits Robin with a +0 club.
The goblin hits you but does no damage.
You barely miss the goblin. You headbutt the goblin.
You kill the goblin!
Vehumet accepts your kill. Robin throws the goblin at you!
The goblin hits your goblin skeleton with a +0 club.
The goblin hits you with a +0 club.
You die...

..........#.# ###
######## ............#
#.# #.......
#.....##..###
####.#.##.#####.
.....)# ..# ##.#.#
#.#.#####. #...#.....#
#...## ##.....##.
#........##
##.#.###.#.##.##.
..########
#.##.#.##.##.##. ###
#######.###.###.......
## ##.Zg)@g># ###
####.### .#
#####>g####### #.....#
.# #......# ##.###.#
.# #.........# #..#
#.# .######..#...#..#
#..###..
[....#.......#.g#
#.......
..O........?.. ..g
#.#####.
.....#......## .#gg
#....# .
.#.###......##..#...
#.##.# .


You could see Robin (ally target), 2 goblins and a friendly goblin skeleton.

Vanquished Creatures
  Jessica (D:3)
  4 gnolls
  4 adders
  An adder skeleton (D:4)
  3 worms (D:2)
  3 dart slugs
  2 orcs (D:3)
  2 bats
  6 endoplasms
  2 giant cockroaches
  16 goblins
  4 hobgoblins
  A quokka (D:2)
  7 ball pythons
  3 frilled lizards
  4 kobolds
  5 rats
68 creatures vanquished.

Notes
Turn   | Place    | Note
-------+----------+-------------------------------------------
     0 | D:1      | ultragoat the Demonspawn Necromancer began the quest for
                  | the Orb.
     0 | D:1      | Reached XP level 1. HP: 13/13 MP: 3/3
   441 | D:1      | Gained mutation: When seriously injured, your blood forms
                  | armour. (AC +6) [demonic ancestry]
   441 | D:1      | Reached XP level 2. HP: 11/19 MP: 0/5
   498 | D:1      | Learned a level 1 spell: Animate Skeleton
  1331 | D:1      | Found a faded altar of an unknown god.
  2034 | D:2      | Reached XP level 3. HP: 15/24 MP: 1/6
  2152 | D:2      | Learned a level 3 spell: Vampiric Draining
  2672 | D:3      | Noticed an ogre
  3814 | D:2      | Reached XP level 4. HP: 27/30 MP: 4/7
  4272 | D:3      | Reached skill level 1 in Short Blades
  4330 | D:3      | Reached skill level 5 in Necromancy
  4541 | D:3      | Noticed a necrophage
  4935 | D:4      | Noticed an orc warrior
  4974 | D:3      | Found a radiant altar of Vehumet.
  5037 | D:3      | Became a worshipper of Vehumet
  5055 | D:3      | Noticed Jessica
  5063 | D:3      | Killed Jessica
  5064 | D:3      | Reached skill level 1 in Fighting
  5064 | D:3      | Gained mutation: You have a pair of small horns on your
                  | head. [demonic ancestry]
  5064 | D:3      | Reached XP level 5. HP: 19/37 MP: 3/9
  5833 | D:3      | Noticed Robin
  5845 | D:3      | Reached * piety under Vehumet
  5845 | D:3      | Offered knowledge of Freeze by Vehumet.
  5856 | D:3      | Slain by a goblin

Illustrated notes

Levels and vault maps discovered:
D:1:      ncdulo_smallfort, layout_basic, chequers_ecumenical_altar_simple_redux
D:2:      layout_basic, hangedman_decor_riveting, minmay_misc_feat_secret_circle
D:3:      layout_loops_cross, xom_teletrap_fun, vehumet_crystals, uniq_robin,
          uniq_jessica
D:4:      layout_layer_cave

Skill      XL: |  1  2  3  4 |
---------------+-------------+-----
Stealth        | 2 3 |  3.0
Dodging        | 2 |  2.2
Short Blades   | 1 |  1.6
Necromancy     | 5 |  5.2
Fighting       | 1 |  1.2
Spellcasting   | |  2.8

Action                   |  1- 3 |  4- 6 || total
-------------------------+-------+-------++-------
Melee: Dagger            |    17 |    33 ||    50
       Punch             |       |     1 ||     1
       Headbutt          |       |     1 ||     1
 Cast: Pain              |    76 |    70 ||   146
       Animate Skeleton  |     1 |     1 ||     2
  Use: Scroll            |     5 |     2 ||     7
       Potion            |     1 |       ||     1
Armor: Robe              |    17 |    12 ||    29
Dodge: Dodged            |    46 |    41 ||    87
